 Dungeon Crawl Stone Soup version 0.24-a0-235-g3f03afc (webtiles) character file.

Game seed: 896789156928536481

116 Hylith the Skirmisher (level 4, -1/37 HPs)
             Began as a Demonspawn Fighter on Apr 8, 2019.
             Slain by an adder (4 damage)
             ... in a sewer.
             The game lasted 00:03:10 (1466 turns).

Hylith the Skirmisher (Demonspawn Fighter)          Turns: 1466, Time: 00:03:11

Health: -1/37      AC:  7    Str: 17    XL:     4   Next: 70%
Magic:  4/4        EV:  7    Int: 10    God:
Gold:   134        SH:  9    Dex: 12    Spells: 3/3 levels left

rFire    . . .     SeeInvis .   a - +0 flail
rCold    . . .     Gourm    .   c - +0 shield
rNeg     . . .     Faith    .   b - +0 scale mail
rPois    .         Spirit   .   (no helmet)
rElec    .         Reflect  .   (no cloak)
rCorr    .         Harm     .   k - +0 pair of gloves
MR       .....                  (no boots)
Stlth    ..........             (no amulet)
HPRegen  0.12/turn              (no ring)
MPRegen  0.09/turn              (no ring)

@: lethally poisoned (-1 -> -2)
A: talons 1, demonic guardian 1
a: no special abilities


You were in a sewer.
You were not hungry.

You visited 1 branch of the dungeon, and saw 3 of its levels.
You also visited: Sewer.

You collected 134 gold pieces.

Inventory:

Hand Weapons
 a - a +0 flail (weapon)
Armour
 b - a +0 scale mail (worn)
 c - a +0 shield (worn)
 k - a +0 pair of gloves (worn)
Scrolls
 e - a scroll of identify {unknown}
 g - 3 scrolls of remove curse {unknown}
 l - a scroll of immolation {unknown}
 o - 3 scrolls of teleportation {unknown}
 p - a scroll of fog {unknown}
Potions
 d - a potion of might
 h - a potion of brilliance {unknown}
 i - a potion of magic {unknown}
 m - 3 potions of curing {unknown}
 n - a potion of heal wounds {unknown}
 q - a potion of mutation {unknown}
 r - a potion of flight {unknown}
Comestibles
 f - 4 rations
 j - 2 chunks of flesh


   Skills:
 * Level 3.8 Fighting
 + Level 2.4 Maces & Flails
 + Level 3.1 Armour
 * Level 3.7 Shields


You had 3 spell levels left.
You didn't know any spells.
Your spell library was empty.

Dungeon Overview and Level Annotations

Branches:
Dungeon (3/15)

Altars:
Trog


Innate Abilities, Weirdness & Mutations

You have sharp toenails.
A weak demonic guardian rushes to your aid.


Message History

You miss the adder. Your kick misses the adder.
The adder is moderately wounded.
You block the adder's attack. x2
You barely miss the adder. You claw the adder.
The adder is heavily wounded.
You feel sick.
The river rat bites you but does no damage.
You block the adder's attack. The river rat bites you.
* * * LOW HITPOINT WARNING * * *
You sock the river rat!
You kill the river rat!
The adder bites you.
* * * LOW HITPOINT WARNING * * *
The adder bites you but does no damage.
You hit the adder.
The adder is almost dead.
The adder bites you.
* * * LOW HITPOINT WARNING * * *
The adder bites you.
You die...

##≈## ##≈## #≈# #≈#
#≈# #≈# #≈# #≈# ##≈##
##≈## ##.≈≈## ##..≈##
.#####≈....####....≈#
≈≈≈≈≈≈≈.≈..≈≈≈≈≈≈.≈.#
.#####≈..@.####.....#
##.†S## ##...## ##≈##
##.## #≈# #.# #≈# #.#
#≈# .# ≈≈. ... ≈..


You could see an adder.

Vanquished Creatures
  3 adders
  A river rat (Sewer)
  2 oozes
  2 worms
  6 dart slugs
  2 leopard geckos
  4 giant cockroaches
  9 goblins
  7 hobgoblins
  8 kobolds
  2 ball pythons (Sewer)
  3 bats
  4 frilled lizards
  4 rats
57 creatures vanquished.

Notes
Turn   | Place    | Note
-------+----------+-------------------------------------------
     0 | D:1      | Hylith the Demonspawn Fighter began the quest for the Orb.
     0 | D:1      | Reached XP level 1. HP: 18/18 MP: 1/1
    66 | D:1      | Gained mutation: You have sharp toenails. [demonic
                  | ancestry]
    66 | D:1      | Reached XP level 2. HP: 19/24 MP: 2/2
   461 | D:1      | Gained mutation: A weak demonic guardian rushes to your
                  | aid. [demonic ancestry]
   461 | D:1      | Reached XP level 3. HP: 26/29 MP: 3/3
   905 | D:2      | Reached XP level 4. HP: 35/35 MP: 4/4
   956 | D:2      | Found a bloodstained altar of Trog.
  1349 | D:3      | Found a glowing drain.
  1365 | Sewer    | Entered a sewer
  1466 | Sewer    | Slain by an adder

Levels and vault maps discovered:
D:1:      sevenhm_arrival_forest_fort_small_4, layout_loops_ring,
          serial_park_tiny_2
D:2:      layout_loops_ring, nicolae_overflow_crystal_walls
D:3:      layout_loops_ring, grunt_temple_overflow_diamond,
          cheibrodos_sewer_entry_sluice, first_ration,
          chequers_ecumenical_altar_island
Sewer:    sewer_co_15_rooms

Skill      XL: |  1  2  3 |
---------------+----------+-----
Shields        | 3 |  3.7
Maces & Flails | 2 |  2.4
Armour         | 3 |  3.1
Fighting       | |  3.8

Action                   |  1- 3 |  4- 6 || total
-------------------------+-------+-------++-------
Melee: Flail             |   105 |    78 ||   183
       Kick              |    19 |    17 ||    36
  Eat: Chunk             |       |     2 ||     2
Armor: Scale mail        |    44 |    37 ||    81
Dodge: Dodged            |    19 |    17 ||    36
Block: Shield            |    52 |    40 ||    92

Table legend:
 A = Non-vault XP
 B = Vault XP
 C = Vault XP percentage of total XP
 D = Non-vault monster count
 E = Vault monster count
 F = Vault count percentage of total count
                 A         B        C        D         E       F
            +---------+---------+-------+---------+---------+-------
      Total |     120 |      47 |  28.1 |      48 |       9 |  15.8
            +---------+---------+-------+---------+---------+-------
        D:1 |      56 |       0 |   0.0 |      26 |       0 |   0.0
        D:2 |      64 |       0 |   0.0 |      22 |       0 |   0.0
        D:3 |       0 |       1 | 100.0 |       0 |       1 | 100.0
      Sewer |       0 |      46 | 100.0 |       0 |       8 | 100.0
            +---------+---------+-------+---------+---------+-------
